Map: Prion Terraces

Players

State - Winner!

  • Race: Protoss Protoss
  • League: Grandmaster

llllllllllll (Oliveira)

  • Race: Terran Terran
  • League: Grandmaster

VOD

Have the link to the VOD?

Description

Time

  • Played on: Nov. 25, 2015, 2:56 a.m.
  • Length: 6:03
Show
View Real Time Build Order
Export as new Build Order

State Protoss - Winner!

Build Orders: 1 Gate Expand 

Get SALT Encoding   

  12  0:01  Probe (Chrono Boost)  
  13  0:12  Probe (Chrono Boost)  
  14  0:19  Pylon  
  14  0:22  Probe (Chrono Boost)  
  15  0:37  Probe (Chrono Boost)  
  15  0:39  Gateway  
  16  0:43  Assimilator  
  16  0:48  Probe (Chrono Boost)  
  17  0:58  Probe (Chrono Boost)  
  18  1:09  Probe (Chrono Boost)  
  19  1:18  Nexus  
  19  1:21  Probe (Chrono Boost)  
  20  1:31  Cybernetics Core  
  20  1:34  Probe (Chrono Boost)  
  21  1:40  Assimilator  
  21  1:46  Probe (Chrono Boost)  
  22  1:49  Pylon  
  22  1:57  Probe (Chrono Boost)  
  22  2:09  Mothership Core (Chrono Boost)  
  22  2:10  Adept  
  26  2:20  Warp Gate  
  26  2:28  Probe (Chrono Boost)  
  27  2:31  Probe (Chrono Boost)  
  28  2:37  Adept  
  28  2:38  Probe (Chrono Boost)  
  28  2:42  Robotics Facility  
  28  2:43  Probe (Chrono Boost)  
  32  2:49  Probe (Chrono Boost)  
  33  2:54  Probe (Chrono Boost)  
  34  2:59  Probe (Chrono Boost)  
  34  3:04  Probe (Chrono Boost)  
  36  3:07  Gateway  
  36  3:10  Probe (Chrono Boost), Adept  
  39  3:15  Probe (Chrono Boost)  
  40  3:20  Gateway  
  40  3:21  Probe (Chrono Boost)  
  40  3:25  Probe (Chrono Boost)  
  42  3:32  Probe (Chrono Boost)  
  43  3:35  Warp Prism (Chrono Boost)  
  46  3:41  Pylon  
  46  3:48  Probe, Pylon  
  46  3:54  Twilight Council  
  46  3:57  Pylon  
  46  3:58  Probe  
  46  4:00  Probe  
  46  4:02  Assimilator  
  48  4:07  Assimilator  
  48  4:09  Probe, Observer (Chrono Boost)  
  49  4:13  Probe  
  51  4:19  Probe  
  52  4:25  Probe  
  52  4:28  Observer (Chrono Boost)  
  52  4:30  Probe  
  54  4:31  Adept x3  
  54  4:37  Probe, Dark Shrine  
  62  4:41  Probe  
  63  4:46  Observer (Chrono Boost)  
  63  4:49  Probe  
  63  4:51  Adept  
  63  4:52  Adept  
  69  4:57  Probe  
  66  5:01  Probe  
  65  5:08  Probe  
  65  5:14  Probe  
  67  5:15  Adept x2  
  67  5:18  Pylon  
  67  5:19  Pylon x2  
  67  5:20  Probe  
  68  5:31  Probe  
  68  5:32  Probe  
  68  5:35  Adept x2  
  70  5:36  Adept  
  68  5:47  Pylon  
  68  5:48  Pylon  
  68  5:49  Pylon  
  66  5:55  Dark Templar x2  
  70  5:57  Dark Templar  
Show
View Real Time Build Order
Export as new Build Order

llllllllllll Terran 

Build Orders: Reaper Expand 

Get SALT Encoding   

  12  0:01  SCV  
  13  0:13  SCV  
  14  0:17  Supply Depot  
  14  0:25  SCV  
  15  0:39  SCV  
  15  0:40  Barracks  
  16  0:43  Refinery  
  16  0:51  SCV  
  18  1:08  SCV  
  18  1:27  Orbital Command  
  18  1:29  Reaper  
  19  1:38  Command Center  
  19  1:50  Supply Depot  
  19  1:52  SCV  
  20  2:02  Barracks Reactor  
  20  2:04  SCV  
  21  2:10  Barracks  
  21  2:14  Refinery  
  21  2:16  SCV  
  22  2:24  Factory  
  22  2:28  SCV  
  23  2:41  SCV, Marine x2  
  26  2:53  SCV  
  26  2:56  Orbital Command  
  27  2:58  Marine  
  27  2:59  Barracks Tech Lab, Marine  
  27  3:05  SCV  
  30  3:10  Starport  
  30  3:14  Widow Mine  
  32  3:20  Stimpack  
  32  3:22  SCV  
  32  3:25  SCV  
  34  3:28  Marine  
  34  3:29  Marine  
  34  3:34  SCV  
  37  3:37  Marine  
  37  3:40  SCV  
  38  3:43  Supply Depot, Widow Mine  
  38  3:47  Medivac  
  42  3:49  SCV  
  42  3:52  SCV  
  42  3:53  Marine  
  42  3:55  Marine  
  46  4:04  Marine  
  46  4:05  SCV x2  
  46  4:07  Supply Depot  
  49  4:11  Marine  
  49  4:13  Factory Reactor, Marine  
  51  4:17  SCV  
  51  4:18  Medivac  
  51  4:23  Engineering Bay  
  54  4:27  Refinery  
  54  4:28  SCV, Marine  
  54  4:29  SCV, Marine  
  58  4:32  Supply Depot  
  58  4:37  Marine  
  59  4:40  SCV  
  59  4:43  SCV, Barracks  
  61  4:52  SCV  
  60  4:55  SCV  
  60  4:56  Marine  
  55  5:04  SCV  
  55  5:06  Marine  
  54  5:07  SCV  
  54  5:11  Marine  
  50  5:14  Marine  
  50  5:17  SCV  
  50  5:19  SCV  
  49  5:24  Marine  
  50  5:29  SCV, Marine  
  50  5:31  SCV  
  50  5:32  Marine  
  49  5:41  SCV  
  49  5:42  Marine  
  48  5:43  SCV  
Tags
 
Add a new tag
Caveats
  • Supply blocks, unpowered buildings, or Contaminate may cause inaccurate times.
  • Supply counts are checked every 10 seconds.